 Dungeon Crawl Stone Soup version 0.30-a0-883-g5ad918d77d (webtiles) character file.

Game seed: 13682392817130484428

44 hikkokomori the Ducker (level 3, -5/29 HPs)
             Began as a Merfolk Gladiator on Mar 18, 2023.
             Slain by Terence
             ... wielding a +0 mace
              (7 damage)
             ... on level 2 of the Dungeon.
             The game lasted 00:01:11 (956 turns).

hikkokomori the Ducker (Merfolk Gladiator)           Turns: 956, Time: 00:01:12

Health: -5/29      AC:  4    Str: 12 (14) XL:     3   Next: 60%
Magic:  3/3        EV: 13    Int:  4 (7)  God:
Gold:   55         SH:  0    Dex: 14 (17) Spells: 2/2 levels left

rFire   . . .      SeeInvis .    a - +0 long sword
rCold   . . .      Faith    .    (no shield)
rNeg    . . .      Spirit   .    b - +0 leather armour
rPois   .          Reflect  .    c - +0 helmet
rElec   .          Rampage  .    (no cloak)
rCorr   .                        (no gloves)
Will    .....                    (no boots)
Stlth   +                        (no amulet)
HPRegen 0.24/turn                (no ring)
MPRegen 0.08/turn                (no ring)

@: lethally poisoned (-5 -> -9)
A: (nimble swimmer 2), mertail
a: no special abilities


You were on level 2 of the Dungeon.
You visited 1 branch of the dungeon, and saw 2 of its levels.

You collected 77 gold pieces.
You spent 22 gold pieces at shops.

Inventory:

Hand Weapons
 a - a +0 long sword (weapon)
Missiles
 d - 3 throwing nets (quivered)
 e - a javelin
Armour
 b - a +0 leather armour (worn)
 c - a +0 helmet (worn)
Scrolls
 f - a scroll of blinking {unknown}
 g - a scroll of amnesia {unknown}
 h - a scroll of identify
 i - a scroll of vulnerability {unknown}
 j - a scroll of immolation {unknown}


   Skills:
 + Level 3.0 Fighting
 + Level 4.2 Long Blades
 - Level 2.0 Throwing
 + Level 4.7 Dodging


You had 2 spell levels left.
You didn't know any spells.
Your spell library contained the following spells:

 Spells                   Type           Power      Damage    Failure   Level
 Ensorcelled Hibernation  Hex/Ice        0%         N/A       73%         2
 Spider Form              Tmut/Pois      0%         N/A       91%         3
 Anguish                  Hex/Necr       0%         N/A       100%        4


Dungeon Overview and Level Annotations

Branches:
Dungeon (2/15)

Altars:

Shops:
D:1 ?

Annotations:
D:2 Terence


Innate Abilities, Weirdness & Mutations

((You are very nimble when in or above water. (Stealth+, EV+, Speed+++)))
Your lower body shifts to a powerful aquatic tail in water.


Message History

Terence shouts!
A quokka comes into view.
The adder hisses angrily.
You hit Terence but do no damage. Terence screams, "I want your blood!"
Terence barely misses you. Terence closely misses you.
You hit Terence but do no damage. Terence closely misses you.
The adder barely misses you.
You hit the adder.
The adder is lightly wounded.
The adder bites you but does no damage. Terence barely misses you.
You hit the adder.
The adder is heavily wounded.
The adder bites you but does no damage. Terence closely misses you.
The quokka misses you. The adder bites you.
You are poisoned.
The adder poisons you!
You barely miss the adder.
The adder is moderately wounded.
You feel sick. The adder bites you.
You are more poisoned.
The adder poisons you! Terence closely misses you. The quokka misses you.
The adder bites you.
You are more poisoned.
The adder poisons you! The adder attacks as you move away!
The adder barely misses you. Terence attacks as you move away!
Terence hits you with a +0 mace!
You feel very sick. The quokka barely misses you.
The quokka closely misses you.
* * * LOW HITPOINT WARNING * * *
You feel very sick. The quokka attacks as you move away!
The quokka barely misses you.
* * * LOW HITPOINT WARNING * * *
You feel sick.
It was a potion of degeneration.
There was something very wrong with that liquid.
You feel weakened.
You feel dopey.
You feel clumsy.
* * * LOW HITPOINT WARNING * * *
You feel sick. Terence hits you with a +0 mace!
You die...

..............
....#########...... ....
##......
....#######....... ##
.......##.....>..) .##.
#.# ...#..##...... .....
#.# #.#......###. .....
#.# ##....#...##..
......#@###..........#..
......#@#...#........#..
.......r.....(..##......
......?.###.#.### .#....
........# ..#.# ###..
........#..##.# #..
......#.#.# ... #..
##....#.#. ..# ..
##..##... ..


You could see Terence and a quokka.

Vanquished Creatures
  A worm (D:2)
  A dart slug (D:1)
  5 endoplasms (D:1)
  5 giant cockroaches (D:1)
  4 goblins
  A hobgoblin (D:1)
  3 kobolds (D:1)
  4 quokkas (D:1)
  2 ball pythons (D:1)
  5 bats
  A frilled lizard (D:1)
  4 rats (D:1)
36 creatures vanquished.

Notes
Turn   | Place    | Note
-------+----------+-------------------------------------------
     0 | D:1      | hikkokomori the Merfolk Gladiator began the quest for the
                  | Orb.
     0 | D:1      | Reached XP level 1. HP: 16/16 MP: 1/1
   112 | D:1      | Reached XP level 2. HP: 23/23 MP: 2/2
   355 | D:1      | Reached XP level 3. HP: 25/28 MP: 3/3
   468 | D:1      | Found Vyan's Magic Scroll Boutique.
   500 | D:1      | Bought a scroll of identify for 22 gold pieces
   946 | D:2      | Noticed Terence
   956 | D:2      | Slain by Terence

Illustrated notes

Levels and vault maps discovered:
D:1:      tarquinn_simple_flora_water_a, layout_basic, serial_shops, shop
D:2:      layout_rooms, grunt_decor_junction, roderic_serpentine_path,
          chequers_decorated_corner, palyth_stone_intersect, uniq_robin,
          uniq_terence

Skill      XL: |  1  2  3 |
---------------+----------+-----
Long Blades    | 4 |  4.2
Fighting       | 3 |  3.0
Throwing       | |  2.0
Dodging        | |  4.7

Action                     || total
---------------------------++-------
  Melee: Long sword        ||   111
    Use: Potion            ||     1
   Stab: Sleeping          ||     1
 Armour: Leather armour    ||    35
  Dodge: Dodged            ||   100

Table legend: (Time is in decaauts)
 A = Elapsed time spent in this place.
 B = Non-inter-level travel time spent in this place.
 C = Inter-level travel time spent in this place.
 D = Time resting spent in this place.
 E = Time spent auto-exploring this place.
 F = Levels seen in this place.
 G = Mean time per level.
                   A        B        C        D        E       F      G
               +--------+--------+--------+--------+--------+-----+--------+
         Total |    977 |    971 |      6 |      0 |    718 |   2 |  488.5 |
       Dungeon |    977 |    971 |      6 |      0 |    718 |   2 |  488.5 |
               +--------+--------+--------+--------+--------+-----+--------+

Top non-repeatable levels by time:
     D:1: 869 daAuts
     D:2: 108 daAuts
